AoeStats
← gg_noteam

Arabia

509741511Analyzed
1v1 RM · 6d ago on Sep 27, 2026· 55m 1s· 2 players
Game mode
Random Map
Map size
Tiny (2 player)
Population
200
Speed
Normal
Resources
Standard
Victory
Conquest
Starting age
Dark Age
Ending age
Imperial Age
RankedLock teamsTeams togetherTeam positionsShared explorationLock speedFull tech treeHidden civsTurbo modeCheats
Victory
Defeat
🇵🇪 Danes · Peru
1214
+15
🇲🇽 Britons · Mexico
1201
-15
revan
6:21 Loom
9:17 Feudal Age
9:54 Double-Bit Axe
26:01 Fletching
27:56 Padded Archer Armor
31:45 Castle Age
31:57 Crossbowman
32:35 Bodkin Arrow
45:53 Gold Mining
52:03 Imperial Age
gg_noteam
5:27 Loom
21:43 Feudal Age
24:47 Town Watch
31:38 Castle Age
36:09 Fletching
40:36 Double-Bit Axe
46:08 Padded Archer Armor
47:53 Elite Skirmisher
49:36 Leather Archer Armor
49:17 Bodkin Arrow
49:11 Horse Collar
54:19 Imperial Age
54:37 Heavy Plow
56:05 Ring Archer Armor
55:36 Bracer
Connection lost

Rejoining the realm…

Still unreachable

The connection could not be restored.

Session expired

The server has moved on; the page needs a fresh start.